 Dungeon Crawl Stone Soup version 0.32-a0-995-gb4a59205af (webtiles) character file.

Game seed: 17171450916143822095

14419 LadyBoffin the Fighter (level 12, -1/100 (105) HPs)
             Began as a Formicid Fighter on Apr 22, 2024.
             Was an Elder of Ru.
             Slain by an ironbound preserver
             ... wielding a +0 great mace
              (24 damage)
             ... on level 13 of the Dungeon.
             The game lasted 00:44:37 (13790 turns).

LadyBoffin the Fighter (Formicid Fighter)          Turns: 13790, Time: 00:44:38

HP:   -1/100 (105)  AC: 13    Str: 30    XL:     12   Next: 44%
MP:   9/9           EV:  4    Int:  8    God:    Ru [****..]
Gold: 739           SH:  0    Dex: 13    Spells: 11/11 levels left

rFire   . . .        w - +5 battleaxe (freeze)
rCold   . . .        (shield unavailable)
rNeg    . . .        b - +0 scale mail
rPois   .            (helmet unavailable)
rElec   .            (no cloak)
rCorr   .            i - +1 pair of gloves
SInv    +            p - +1 pair of boots
Will    +....        (no amulet) Stlth
                     (ring unavailable)
HPRegen 0.36/turn    n - +6 ring of strength
MPRegen 0.11/turn

%: no passive effects
@: exhausted, lightly drained
A: permanent stasis, dig shafts and tunnels, antennae 3, weak 1, missing a hand,
reduced EV 1, four strong arms, low MP 2
a: Dig, Shaft Self, Renounce Religion, Draw Out Power, Power Leap


You were on level 13 of the Dungeon.
You worshipped Ru.
Ru was greatly pleased with you.
You visited 2 branches of the dungeon, and saw 15 of its levels.

You collected 802 gold pieces.
You spent 63 gold pieces at shops.

Inventory:

Hand Weapons
 a - a +0 war axe
 j - a +0 great sword
 w - a +5 battleaxe of freezing (weapon)
Missiles
 f - 2 throwing nets
Armour
 b - a +0 scale mail (worn)
 c - a +0 buckler
 i - a +1 pair of gloves (worn)
 p - a +1 pair of boots (worn)
 C - a +0 kite shield
Jewellery
 e - a +6 ring of strength
 g - a +4 ring of protection
 n - a +6 ring of strength (right hand)
 o - a ring of fire
 s - a ring of protection from fire
 u - an amulet of faith
 z - a ring of ice
 A - a ring of protection from fire
Wands
 d - a wand of charming (8)
 t - a wand of digging (2)
 v - a wand of flame (7)
Scrolls
 m - 2 scrolls of poison
 x - a scroll of vulnerability
 y - a scroll of fog
 B - a scroll of immolation
Potions
 h - a potion of lignification
 k - a potion of cancellation
 l - a potion of enlightenment
 q - 3 potions of haste
 r - 2 potions of brilliance


   Skills:
 * Level 13.1 Fighting
 - Level 5.2 Long Blades
 + Level 7.6 Axes
 + Level 10.6 Armour
   Level 0.0 Shields


You had 11 spell levels left.
You didn't know any spells.
Your spell library contained the following spells:

 Spells                   Type           Power      Damage    Failure   Level
 Sandblast                Erth           0%         2d4       61%         1
 Ensorcelled Hibernation  Hex/Ice        0%         N/A       75%         2
 Call Canine Familiar     Summ           0%         N/A       93%         3
 Frozen Ramparts          Ice            0%         1d1       93%         3
 Fugue of the Fallen      Necr           0%         N/A       93%         3
 Ozocubu's Armour         Ice            0%         N/A       93%         3
 Passwall                 Erth           0%         N/A       93%         3
 Sigil of Binding         Hex            0%         N/A       93%         3
 Stone Arrow              Conj/Erth      0%         3d7       93%         3
 Anguish                  Hex/Necr       0%         N/A       100%        4
 Dimensional Bullseye     Hex/Tloc       0%         N/A       100%        4
 Olgreb's Toxic Radiance  Alch           0%         N/A       100%        4
 Metabolic Englaciation   Hex/Ice        0%         N/A       100%        5
 Ozocubu's Refrigeration  Ice            0%         4d7       100%        7
 Discord                  Hex            0%         N/A       100%        8


Dungeon Overview and Level Annotations

Branches:
Dungeon (15/15)            Temple (1/1) D:4            Lair (0/5) D:9
 Vaults (0/5) D:13
    Orc: D:9-12      Depths: D:15

Altars:
Ashenzari
Cheibriados
Dithmenos
Elyvilon
Fedhas
Gozag
Hepliaklqana
Kikubaaqudgha
Nemelex Xobeh
Okawaru
Qazlal
Ru
Sif Muna
Trog
Uskayaw
Vehumet
Wu Jian
Xom
Yredelemnul
Zin

Shops:
D:4 *[((!

Annotations:
D:4 1 runed translucent door, Crazy Yiuf
D:12 Nessos
D:14 3 runed translucent doors, Naynes's ghost, journeyman DEEE


Innate Abilities, Weirdness & Mutations

You cannot be hasted, slowed, berserked, paralysed or teleported.
You can dig through walls and to a lower floor.
You have a pair of large antennae on your head. (SInv)
You are weak. (Str -2)
You are missing a hand.
You have somewhat slow reflexes. (EV -5)
Your four strong arms can wield two-handed weapons with a shield.
Your magical capacity is very low. (-20% MP)


Message History

Found a gate to the Vaults.
There is a large open door here.
An ironbound preserver comes into view. It is wielding a +0 great mace.
The ironbound preserver shouts!
Found 7 stones.
The ironbound preserver throws a stone.
The stone hits you!
You focus your inner power and illuminate the ironbound preserver in retribution!
The ironbound preserver throws a stone.
The stone hits you but does no damage.
There is a large open door here.
The ironbound preserver hits you with a +0 great mace!
There is a large open door, spattered with blood here.
You completely miss the ironbound preserver.
The ironbound preserver hits you with a +0 great mace!
You slash the ironbound preserver! You freeze the ironbound preserver.
The ironbound preserver is lightly wounded.
The ironbound preserver hits you with a +0 great mace. x2
You barely miss the ironbound preserver.
The ironbound preserver is lightly wounded.
The ironbound preserver hits you with a +0 great mace!
You hit the ironbound preserver but do no damage.
The ironbound preserver is lightly wounded.
The ironbound preserver barely misses you.
You barely miss the ironbound preserver.
The ironbound preserver is lightly wounded.
The ironbound preserver hits you with a +0 great mace!!
The ironbound preserver hits you with a +0 great mace!
* * * LOW HITPOINT WARNING * * *
You are restored by drawing out deep reserves of power within.
You feel drained.
The ironbound preserver hits you with a +0 great mace!!
* * * LOW HITPOINT WARNING * * *
You barely miss the ironbound preserver.
The ironbound preserver is lightly wounded.
The ironbound preserver hits you with a +0 great mace.
* * * LOW HITPOINT WARNING * * *
Okay, then.
You slash the ironbound preserver! You freeze the ironbound preserver.
The ironbound preserver is lightly wounded.
The ironbound preserver hits you with a +0 great mace!!
You die...
Ru respects your ultimate sacrifice.

.### #...#.....#..# ...#.......
.#.###....#.....#..# ....#.......
....$.....#.....#..#.....#.......
..........# ....#..#.....#.......
..........####''#..#''####......%
.u.............................##
................................#
...<......#######p.##########..##
.........[#.....@..'..... #.....#
.......#..#.....'..'.....##.....#
...?##....#.....#..#.....#......#
#...# ....#.....#..#.....#......#
#..## ..$#∩....#..# ....#......#
#..# ..#######..## ####.....##
.... ...#........## #......##
#####.##..###.....##
#...#......####


You could see an ironbound preserver.

Vanquished Creatures
  4 centaur warriors
  A death knight (D:15)
  A two-headed ogre (D:12)
  3 boulder beetles
  A tengu warrior (D:14)
  2 cyclopes
  A gargoyle (D:10)
  An unseen horror (shapeshifter) (D:15)
  An efreet (D:15)
  A komodo dragon (D:9)
  2 trolls
  Grinder (D:4)
  3 slime creatures (D:15)
  A shadow (D:12)
  Sigmund (D:2)
  A wraith (D:9)
  A wyvern (D:9)
  3 fire bats (D:10)
  6 yaks (D:8)
  A steam dragon (D:8)
  A vampire mosquito (D:13)
  2 acid dragons
  4 water moccasins
  4 orc warriors
  A black bear (D:5)
  2 sky beasts
  An ogre (D:4)
  12 centaurs
  2 phantoms
  8 gnoll sergeants
  A scorpion (D:5)
  4 wights
  8 killer bees
  2 howler monkeys
  A jelly (D:8)
  A hound (D:5)
  3 orc priests
  8 orc wizards
  16 gnolls
  5 adders
  A white imp (D:8)
  2 ufetubi (D:7)
  4 ribbon worms
  A dart slug (D:3)
  25 orcs
  4 endoplasms
  4 giant cockroaches
  7 goblins
  6 hobgoblins
  10 kobolds
  2 quokkas
  5 ball pythons
  A bat (D:2)
  3 frilled lizards
  6 rats
203 creatures vanquished.

Notes
Turn   | Place    | Note
-------+----------+-------------------------------------------
     0 | D:1      | LadyBoffin the Formicid Fighter began the quest for the
                  | Orb.
     0 | D:1      | Reached XP level 1. HP: 18/18 MP: 1/1
   234 | D:1      | Found a faded altar of an unknown god.
   698 | D:1      | Reached XP level 2. HP: 24/24 MP: 2/2
   984 | D:2      | Reached XP level 3. HP: 30/30 MP: 3/3
   997 | D:2      | Reached skill level 1 in Long Blades
   997 | D:2      | Reached XP level 4. HP: 15/37 MP: 4/4
  1052 | D:2      | Noticed Sigmund
  1476 | D:2      | Reached skill level 4 in Fighting
  1736 | D:2      | Reached XP level 5. HP: 42/42 MP: 5/5
  1742 | D:2      | Reached skill level 5 in Shields
  1762 | D:2      | Gained mutation: Your magical capacity is low. (-10% MP)
                  | [potion of mutation]
  1762 | D:2      | Gained mutation: Your magical capacity is very low. (-20%
                  | MP) [potion of mutation]
  1776 | D:2      | Killed Sigmund
  1777 | D:2      | Reached XP level 6. HP: 24/49 MP: 4/4
  2718 | D:3      | Found a hazy altar of Hepliaklqana.
  3056 | D:4      | Found Hest's Weapon Shoppe.
  3078 | D:4      | Found a staircase to the Ecumenical Temple.
  3078 | D:4      | Found Nemokyl's Armour Shoppe.
  3085 | D:4      | Found Geopp's General Store.
  3130 | D:4      | Reached XP level 7. HP: 53/53 MP: 5/5
  3160 | Temple   | Entered the Ecumenical Temple
  3221 | Temple   | Became a worshipper of Ru the Awakened
  3259 | D:4      | Bought a +0 pair of boots for 63 gold pieces
  3286 | D:4      | Reached skill level 5 in Fighting
  3286 | D:4      | Reached skill level 5 in Armour
  3312 | D:4      | Found a stormy altar of Qazlal.
  3446 | D:4      | Noticed Grinder
  3490 | D:4      | Killed Grinder
  3491 | D:4      | Reached XP level 8. HP: 9/63 MP: 6/6
  3683 | D:4      | Found a shadowy altar of Dithmenos.
  3735 | D:4      | Found a hide-covered altar of Uskayaw.
  3736 | D:4      | Found an opulent altar of Gozag.
  3739 | D:4      | Found a glowing silver altar of Zin.
  3804 | D:4      | Found a runed translucent door.
  3805 | D:4      | Noticed Crazy Yiuf
  3951 | D:4      | Found Wiuma's Distillery.
  4022 | D:4      | Found Zegiufon's Antique Weapon Shop.
  4336 | D:5      | Entered Level 5 of the Dungeon
  4537 | D:5      | Reached skill level 6 in Fighting
  4926 | D:5      | Found a snail-covered altar of Cheibriados.
  5072 | D:5      | Found a radiant altar of Vehumet.
  5105 | D:5      | Gained mutation: You are weak. (Str -2) [Ru sacrifice]
  5616 | D:6      | Found a basalt altar of Yredelemnul.
  5886 | D:6      | Noticed a cyclops
  6261 | D:6      | Reached XP level 9. HP: 30/71 MP: 7/7
  6402 | D:7      | Reached skill level 5 in Long Blades
  6666 | D:7      | Reached skill level 7 in Fighting
  7146 | D:8      | Reached skill level 8 in Fighting
  7165 | D:8      | Reached XP level 10. HP: 40/82 MP: 8/8
  7435 | D:8      | Found a bloodstained altar of Trog.
  8011 | D:8      | Reached skill level 9 in Fighting
  8906 | D:9      | Found a shimmering altar of Xom.
  9029 | D:9      | Gained mutation: You have somewhat slow reflexes. (EV -5)
                  | [Ru sacrifice]
  9029 | D:9      | Reached * piety under Ru
  9474 | D:9      | Found a staircase to the Lair.
  9474 | D:9      | Noticed a komodo dragon
  9493 | D:9      | Killed a komodo dragon
  9494 | D:9      | Reached skill level 10 in Shields
  9694 | D:9      | Found a blossoming altar of Fedhas.
 10127 | D:10     | Entered Level 10 of the Dungeon
 10138 | D:10     | Noticed a gargoyle
 10152 | D:9      | Reached skill level 5 in Axes
 10310 | D:10     | Killed a gargoyle
 10311 | D:10     | Reached skill level 10 in Fighting
 10717 | D:10     | Reached XP level 11. HP: 57/92 MP: 8/8
 11210 | D:10     | Noticed a centaur warrior
 11219 | D:10     | Killed a centaur warrior
 11220 | D:10     | Reached skill level 11 in Fighting
 11446 | D:10     | Noticed a centaur warrior
 11450 | D:10     | Noticed a centaur warrior
 11472 | D:10     | Killed a centaur warrior
 11479 | D:10     | You fall into a shaft and drop 3 floors!
 11722 | D:13     | Noticed a brown ugly thing
 11732 | D:13     | Noticed a centaur warrior
 11739 | D:13     | Noticed a centaur warrior
 11743 | D:13     | Killed a centaur warrior
 11746 | D:13     | Killed a centaur warrior
 11978 | D:13     | Noticed a cyclops
 12163 | D:13     | Killed a cyclops
 12209 | D:12     | Noticed a two-headed ogre
 12222 | D:12     | Killed a two-headed ogre
 12223 | D:12     | Reached skill level 12 in Fighting
 12270 | D:12     | Upgraded the game from 0.32-a0-986-ga09f62fbf4 to
                  | 0.32-a0-995-gb4a59205af
 12289 | D:12     | Noticed Nessos
 12298 | D:12     | You fall into a shaft and drop 2 floors!
 12489 | D:14     | Noticed a four-headed hydra
 12490 | D:14     | Noticed Naynes's ghost (journeyman DEEE)
 12491 | D:14     | Found a runed translucent gate.
 12491 | D:14     | Found a runed translucent gate.
 12492 | D:14     | Found a runed translucent gate.
 12493 | D:14     | Noticed a centaur warrior
 12550 | D:14     | Noticed a tengu warrior
 12599 | D:15     | Entered Level 15 of the Dungeon
 12640 | D:15     | Noticed a cyclops
 12661 | D:15     | Killed a cyclops
 12742 | D:15     | Reached skill level 10 in Armour
 12742 | D:15     | Reached XP level 12. HP: 93/102 MP: 9/9
 12772 | D:15     | Noticed a death knight
 12817 | D:15     | Noticed a boulder beetle
 12823 | D:15     | Killed a boulder beetle
 12830 | D:15     | Killed a death knight
 13072 | D:15     | Gained mutation: You are missing a hand. [Ru sacrifice]
 13072 | D:15     | Reached ** piety under Ru
 13072 | D:15     | Reached *** piety under Ru
 13072 | D:15     | Reached **** piety under Ru
 13186 | D:14     | Killed a tengu warrior
 13321 | D:13     | Noticed a boulder beetle
 13346 | D:14     | Killed a boulder beetle
 13534 | D:13     | Reached skill level 13 in Fighting
 13558 | D:13     | Noticed a boulder beetle
 13572 | D:13     | Killed a boulder beetle
 13769 | D:13     | Found a gate to the Vaults.
 13773 | D:13     | Noticed an ironbound preserver
 13790 | D:13     | Slain by an ironbound preserver

Illustrated notes

Levels and vault maps discovered:
D:1:      heliophobic_arrival_battle_scene, layout_loops_ring,
          shapermc_ecumenical_altar_flowoftime, minmay_misc_feat_chi
D:2:      layout_loops_ring, minmay_pentomino_w2, uniq_sigmund
D:3:      layout_basic, mainiacjoe_overflow_tiny_flanked,
          lexackson_kobold_supper
D:4:      layout_loops_ring, minitemple, nicolae_qazlal_scattered_showers,
          minmay_temple_entry_sparse_star, serial_shops,
          nicolae_shop_real_fake_doors, shop, shop, nicolae_shop_statue_plus,
          nicolae_square_shop, kennysheep_nondescript, uniq_grinder,
          uniq_crazy_yiuf_cottage
D:5:      layout_loops_ring, nicolae_vehumet_radiance, cheibrodos_worm_habitat
D:6:      kennysheep_big_flooded_room, layout_basic,
          mainiacjoe_overflow_six_doors_small
D:7:      layout_cave_pools, overflow_temple_1_default, bloody_makhleb
D:8:      layout_basic, trog_three_pillars_becter, kennysheep_generic_room_15
D:9:      layout_loops_corners, xom_teletrap_fun, general_overflow_altar,
          david_lair_shrubbed
D:10:     regret_index_infernal_bastille, layout_loops_ring,
          kennysheep_small_circle
D:12:     layout_basic, nicolae_trove_entry_diagonal, uniq_nergalle,
          uniq_maurice, uniq_nessos
D:13:     layout_cave_pools, skrybe_vaults_entry_preservation
D:14:     layout_irregular_city, gammafunk_ghost_split, serial_park_square2
D:15:     grunt_enter_depths_snipers, layout_basic, hangedman_decor_points
Temple:   nicolae_temple_two_arcs

Skill      XL: |  1  2  3  4  5  6  7  8  9 10 11 12 |
---------------+-------------------------------------+-----
Long Blades    | 1 2 3 4 5 |  5.2
Fighting       | 4 5 6 8 10 12 13 | 13.1
Armour         | 4 5 6 7 8 10 | 10.6
Shields        | 5 6 7 9 10 11 0 |  0.0
Axes           | 3 5 6 7 |  7.6

Action                     |  1- 3 |  4- 6 |  7- 9 | 10-12 || total
---------------------------+-------+-------+-------+-------++-------
  Melee: War axe           |    31 |       |       |       ||    31
         Great sword       |    27 |   158 |   192 |       ||   377
         Battleaxe         |       |       |    60 |   306 ||   366
 Invoke: Sacrifice Purity  |       |       |     1 |       ||     1
         Sacrifice Health  |       |       |       |     1 ||     1
         Draw Out Power    |       |       |       |     2 ||     2
         Sacrifice a Hand  |       |       |       |     1 ||     1
Ability: Dig               |     1 |       |       |       ||     1
         Shaft Self        |       |       |       |     2 ||     2
  Evoke: Wand              |       |       |       |     2 ||     2
    Use: Scroll            |     4 |     4 |     6 |     5 ||    19
         Potion            |       |     3 |     4 |     3 ||    10
   Stab: Paralysed         |       |       |       |     2 ||     2
 Armour: Scale mail        |    87 |   183 |   259 |   484 ||  1013
         Skin              |       |       |    23 |       ||    23
  Dodge: Dodged            |    29 |   113 |   146 |    83 ||   371
  Block: Buckler           |    23 |    69 |    87 |    81 ||   260
         Kite shield       |       |       |       |    95 ||    95

Table legend: (Time is in decaauts)
 A = Elapsed time spent in this place.
 B = Non-inter-level travel time spent in this place.
 C = Inter-level travel time spent in this place.
 D = Time resting spent in this place.
 E = Time spent auto-exploring this place.
 F = Levels seen in this place.
 G = Mean time per level.
                   A        B        C        D        E       F      G
               +--------+--------+--------+--------+--------+-----+--------+
         Total |  14201 |  13562 |    639 |   4392 |   4587 |  15 |  946.7 |
       Dungeon |  14110 |  13510 |    600 |   4392 |   4587 |  14 | 1007.9 |
        Temple |     91 |     52 |     39 |      0 |      0 |   1 |   91.0 |
               +--------+--------+--------+--------+--------+-----+--------+

Top non-repeatable levels by time:
     D:8: 1907 daAuts
     D:9: 1430 daAuts
     D:6: 1315 daAuts
    D:10: 1263 daAuts
     D:4: 1245 daAuts
     D:2: 1244 daAuts
     D:5: 1189 daAuts
    D:13: 1044 daAuts
     D:1: 971 daAuts
     D:3: 940 daAuts
    D:14: 626 daAuts
    D:15: 585 daAuts
     D:7: 248 daAuts
    D:12: 97 daAuts
  Temple: 91 daAuts
